 Dungeon Sprint DCSS version 0.18-a0-1014-g3bbf375 (webtiles) character file.

2203 pipel the Nimble (level 9, -10/85 (94) HPs)
             Began as a Deep Dwarf Berserker on Jan 6, 2016.
             Was a High Priest of Trog.
             Succumbed to a death drake's dark miasma
             ... in the Dungeon (Sprint II: "The Violet Keep of Menkaure").
             The game lasted 00:08:47 (610 turns).

pipel the Nimble (Deep Dwarf Berserker)              Turns: 610, Time: 00:08:48

HP:   -10/85 (94)   AC: 14    Str: 25    XL:     9   Next: 12%
MP:   9/9           EV: 16    Int:  5    God:    Trog [*****.]
Gold: 747           SH:  0    Dex: 10    Spells: 0 memorised, 8 levels left

rFire  . . .     SeeInvis +     a - +0 hand axe
rCold  + . .     Gourm    .     d - +2 ring mail {rC+}
rNeg   . . .     Faith    .     (no shield)
rPois  .         Spirit   .     m - +2 helmet {SInv}
rElec  .         Dismiss  .     (no cloak)
rCorr  .         Reflect  .     (no gloves)
SustAt .         Harm     .     (no boots)
MR     +++..     NoTele   +     (no amulet)
Stlth  +.........               (no ring)
                                n - +3 ring of protection

@: lethally poisoned (-10 -> -218), exhausted, non-regenerating, diseased,
slowed, invisible, very slow, extremely resistant to hostile enchantments, very
unstealthy
A: damage resistance, recharge devices, clumsy 1, dopey 1, sense surroundings 2,
slow regeneration 3
a: Device Recharging, Berserk, Trog's Hand, Brothers in Arms, Burn Spellbooks,
Renounce Religion


You were in the Dungeon.
You worshipped Trog.
Trog was extremely pleased with you.
You were hungry.

You visited 1 branch You collected 1073 gold pieces.
You spent 326 gold pieces at shops.

Inventory:

Hand Weapons
 a - a +0 hand axe (weapon)
Missiles
 g - 3 silver javelins (quivered)
Armour
 b - a +0 animal skin
 d - a +2 ring mail of cold resistance (worn)
 m - a +2 helmet of see invisible (worn)
Jewellery
 n - a +3 ring of protection (left hand)
Wands
 c - a wand of heal wounds (1/9)
Potions
 h - 2 potions of magic
 i - a potion of berserk rage
 l - a potion of brilliance {unknown}
Comestibles
 f - 3 chunks of flesh


   Skills:
 + Level 10.4 Fighting
 + Level 12.2 Axes
 + Level 6.6 Armour
 + Level 13.2 Dodging
 + Level 1.0 Stealth
 + Level 3.3 Evocations


You had 8 spell levels left.
You didn't know any spells.

Dungeon Overview and Level Annotations

Branches:
Dungeon (1/1)

Altars:
Cheibriados
Dithmenos
Elyvilon
Fedhas
Gozag
Kikubaaqudgha
Makhleb
Nemelex Xobeh
Okawaru
Pakellas
Qazlal
Ru
Sif Muna
Trog
Vehumet
Xom
Yredelemnul
Zin
The Shining One
Beogh
Jiyva
Lugonu

Shops:
D %!:%[(?[==?*!!}:

Annotations:
D exclusion: oklob plant


Innate Abilities, Weirdness & Mutations

You are resistant to damage.
You can recharge devices by infusing magical energy.
You passively map the area around you.
You do not regenerate naturally.
You are clumsy. (Dex -2)
You are dopey. (Int -2)


Message History

You are engulfed in dark miasma.
You are more poisoned.
You are no longer berserk.
You are exhausted.
You feel as though you will be slow longer.
You are feeling hungry.
* * * LOW HITPOINT WARNING * * *
You feel extremely sick. The death drake misses you.
The death drake bites you but does no damage.
You now have 14/86 hp.
Unknown command.
Drink which item? (? for menu, Esc to quit)
It was a potion of invisibility.
You fade into invisibility!
You are engulfed in dark miasma.
You are more poisoned.
You feel your flesh rotting away!
You feel as though you will be slow longer.
* * * LOW HITPOINT WARNING * * *
You die...

###.#....#, ..(#### , , *
.#.####..#####^.##.# ,%[$
**, #'#
#.##..#$.'..#..#▓?([?$
#.###..#..# #..#..#▓?([)? ,⌠
.<.'.##+..####..##.#▓(?%=$,
**
#.###†.#.§..###†..##▓▓▓▓▓▓
#'###.##.§.§..Jk8J≈≈≈≈≈≈≈≈
,,
#..####≈≈...§.≈#k########+
##..#≈≈≈≈§≈≈..≈#@k_._...#§ *
,#.##≈≈≈≈§§≈§.≈#._._._..#§ ≈
+##≈≈≈≈≈§§§≈≈≈#.._._._.#§ **
≈ ≈≈≈≈≈§§§§§§≈≈#._._._._#§ ≈
*
+#+++#≈≈§§§§§≈≈#.._._._.#§≈≈
§≈ ##≈≈§###≈≈#..._._._#≈ ≈ ≈
#≈≈#...._._.#§≈ , , ≈
#≈§#....._._#§ * ≈≈≈ ≈
§§§##########§


You could see 2 death drakes, a crystal guardian, 2 slime creatures and a swamp
drake.

Vanquished Creatures
  A yaktaur (D)
  3 polar bears (D)
  A slime creature (D)
  4 neqoxecs (D)
  2 hippogriffs (D)
  A wasp (D)
  4 worker ants (D)
  2 worms (D)
18 creatures vanquished.

Vanquished Creatures (collateral kills)
  A blink frog (D)
  A crocodile (D)
2 creatures vanquished.

Vanquished Creatures (others)
  Menkaure (D)
  A swamp drake (D)
  A crocodile (D)
3 creatures vanquished.

Grand Total: 23 creatures vanquished

Notes
Turn   | Place    | Note
--------------------------------------------------------------
     0 | D        | pipel the Deep Dwarf Berserker began the quest for the Orb.
     0 | D        | Reached XP level 1. HP: 20/20 MP: 1/1
     1 | D        | Noticed a neqoxec
    11 | D        | Killed a neqoxec
    11 | D        | Reached skill level 5 in Fighting
    11 | D        | Reached skill level 7 in Axes
    11 | D        | Reached XP level 2. HP: 25/33 MP: 2/2
    11 | D        | Reached XP level 3. HP: 30/40 MP: 3/3
    11 | D        | Reached XP level 4. HP: 36/48 MP: 4/4
    37 | D        | Killed a crocodile
    41 | D        | Noticed a neqoxec
    44 | D        | Noticed a neqoxec
    47 | D        | Noticed a neqoxec
    62 | D        | Killed a neqoxec
    62 | D        | Reached ** piety under Trog
    62 | D        | Reached skill level 8 in Axes
    62 | D        | Reached XP level 5. HP: 46/57 MP: 5/5
    69 | D        | Killed Menkaure
    70 | D        | Gained mutation: You are dopey. (Int -2) [a neqoxec]
    74 | D        | Killed a neqoxec
    74 | D        | Reached skill level 9 in Axes
    74 | D        | Reached XP level 6. HP: 67/67 MP: 6/6
    79 | D        | Gained mutation: You are clumsy. (Dex -2) [a neqoxec]
    85 | D        | Killed a neqoxec
    85 | D        | Reached skill level 5 in Armour
   123 | D        | Found Dacse's Jewellery Emporium.
   123 | D        | Found Xaingawain's Assorted Antiques.
   123 | D        | Found Figuusos's Distillery.
   123 | D        | Found Guniteuts's Jewellery Shoppe.
   123 | D        | Found Ecsyde's Magic Scroll Shoppe.
   125 | D        | Found Xatac's Antique Armour Shoppe.
   125 | D        | Found Homiset's Book Emporium.
   125 | D        | Found Waong's Distillery.
   125 | D        | Found Ytuwn's Gadget Shoppe.
   138 | D        | Reached *** piety under Trog
   138 | D        | Reached XP level 7. HP: 70/75 MP: 7/7
   189 | D        | Reached skill level 10 in Axes
   197 | D        | Reached **** piety under Trog
   228 | D        | Noticed a hippogriff
   228 | D        | Noticed a hippogriff
   235 | D        | Killed a hippogriff
   235 | D        | Received a gift from Trog
   239 | D        | Killed a hippogriff
   239 | D        | Reached skill level 10 in Dodging
   272 | D        | Found Pudi's Magic Scroll Shoppe.
   272 | D        | Found Rusad's Antique Weapon Emporium.
   272 | D        | Noticed a hippogriff
   272 | D        | Noticed a blink frog
   277 | D        | Noticed a hippogriff
   306 | D        | Killed a blink frog
   306 | D        | Reached skill level 11 in Axes
   306 | D        | Reached skill level 1 in Evocations
   337 | D        | Found Suorr's Antique Armour Emporium.
   337 | D        | Found Rioklan's Food Shoppe.
   337 | D        | Noticed an oklob plant
   338 | D        | Found Zuulakoh's Book Shoppe.
   338 | D        | Found Syaxt's Distillery.
   338 | D        | Found Onlopus's Food Emporium.
   338 | D        | Noticed a hippogriff
   364 | D        | Bought a runed ring mail for 80 gold pieces
   364 | D        | Bought a scroll labeled AHINIL JOEN for 20 gold pieces
   375 | D        | Bought a fuming coppery potion for 18 gold pieces
   375 | D        | Bought a bubbling sapphire potion for 18 gold pieces
   375 | D        | Bought a shiny helmet for 90 gold pieces
   375 | D        | Bought an iron ring for 100 gold pieces
   380 | D        | Noticed an unseen horror
   380 | D        | Noticed an unseen horror
   393 | D        | Noticed an ice statue
   406 | D        | Found an ancient bone altar of Kikubaaqudgha.
   406 | D        | Found a radiant altar of Vehumet.
   407 | D        | Found a snail-covered altar of Cheibriados.
   407 | D        | Found a shadowy altar of Dithmenos.
   407 | D        | Found an opulent altar of Gozag.
   408 | D        | Found a corrupted altar of Lugonu.
   408 | D        | Found a deep blue altar of Sif Muna.
   408 | D        | Found an iron altar of Okawaru.
   409 | D        | Found a roughly hewn altar of Beogh.
   409 | D        | Found a stormy altar of Qazlal.
   409 | D        | Found a sparkling altar of Nemelex Xobeh.
   410 | D        | Found a basalt altar of Yredelemnul.
   410 | D        | Found a burning altar of Makhleb.
   410 | D        | Found a white marble altar of Elyvilon.
   411 | D        | Found a blossoming altar of Fedhas.
   411 | D        | Found a viscous altar of Jiyva.
   412 | D        | Found a sacrificial altar of Ru.
   413 | D        | Noticed a yaktaur
   413 | D        | Noticed a polar bear
   426 | D        | Reached XP level 8. HP: 86/86 MP: 6/8
   435 | D        | Killed a yaktaur
   435 | D        | Reached skill level 10 in Fighting
   443 | D        | Killed a polar bear
   443 | D        | Reached skill level 12 in Dodging
   446 | D        | Noticed a polar bear
   446 | D        | Noticed a polar bear
   463 | D        | Killed a polar bear
   463 | D        | Reached ***** piety under Trog
   507 | D        | Killed a polar bear
   507 | D        | Reached skill level 13 in Dodging
   507 | D        | Gained mutation: You passively map the area around you. [Deep Dwarf growth]
   507 | D        | Reached XP level 9. HP: 35/94 MP: 10/10
   523 | D        | Found a glowing silver altar of Zin.
   523 | D        | Found a shimmering altar of Xom.
   523 | D        | Found a glowing golden altar of the Shining One.
   524 | D        | Found a bloodstained altar of Trog.
   524 | D        | Found an oddly glowing altar of Pakellas.
   552 | D        | Noticed a death drake
   557 | D        | Noticed a death drake
   558 | D        | Noticed a crystal guardian
   561 | D        | Reached skill level 1 in Stealth
   610 | D        | HP: 3/85 [death drake] (11)]
   610 | D        | Succumbed to a death drake's dark miasma

Vault maps used:
D:        the_violet_keep_of_menkaure

Action                   |  1- 3 |  4- 6 |  7- 9 || total
-------------------------+-------+-------+-------++-------
Melee: Hand axe          |     6 |    42 |   145 ||   193
Invok: Berserk           |     1 |     2 |     6 ||     9
       Trog's Hand       |       |       |     2 ||     2
       Brothers in Arms  |       |       |     1 ||     1
 Abil: Device Recharging |       |       |     2 ||     2
Evoke: Wand              |       |     1 |    11 ||    12
  Use: Potion            |     1 |     1 |     2 ||     4
       Scroll            |       |       |     2 ||     2
  Eat: Chunk             |       |       |     4 ||     4
       Bread ration      |       |       |     1 ||     1
